 Dungeon Crawl Stone Soup version 0.21.1-1-g345015f (webtiles) character file.

12504 robertstho the Basher (level 11, -3/73 HPs)
             Began as a Gargoyle Berserker on Feb 28, 2018.
             Was the Champion of Trog.
             Slain by a sun demon (14 damage)
             ... on level 2 of the Abyss.
             The game lasted 00:29:09 (9705 turns).

robertstho the Basher (Gargoyle Berserker)          Turns: 9705, Time: 00:29:10

Health: -3/73      AC: 21    Str: 18    XL:     11   Next: 94%
Magic:  11/11      EV:  9    Int: 11    God:    Trog [******]
Gold:   419        SH:  0    Dex: 12    Spells: 10/10 levels left

rFire    . . .     SeeInvis .   E - +9 demon whip (vamp)
rCold    . . .     Gourm    .   (no shield)
rNeg     + . .     Faith    .   M - +2 chain mail "Havvoeph" {*Drain +Inv Int+4}
rPois    ∞         Spirit   .   (no helmet)
rElec    +         Reflect  .   o - +0 cloak
rCorr    .         Harm     .   p - +1 pair of gloves {archery}
MR       .....                  (no boots)
Stlth    ..........             (no amulet)
HPRegen  0.22/turn              (no ring)
MPRegen  0.12/turn              (no ring)

@: about to teleport, berserk cooldown, slowed, very slow
A: [deformed body], [deterioration 2], negative energy resistance 1, electricity
resistance, [weak 2], unbreathing, petrification resistance, rot immunity,
[subdued magic 2], AC +8
a: Berserk, Trog's Hand, Brothers in Arms, Burn Spellbooks, Renounce Religion,
Evoke Invisibility


You were on level 2 of the Abyss.
You worshipped Trog.
Trog was exalted by your worship.
You were very hungry.

You visited 1 branch of the dungeon, and saw 11 of its levels.
You visited the Abyss 1 time.

You collected 419 gold pieces.

Inventory:

Hand Weapons
 a - a +0 mace
 n - a +1 hunting sling of flaming
 y - a +0 flail of protection
 B - a +2 whip of holy wrath
 E - a +9 vampiric demon whip (weapon)
 G - a +2 falchion of flaming
 K - the +5 mace of Ilac {flame, +Inv rElec Str-5 Dex+4}
   (You found it on level 7 of the Dungeon)

   It has been specially enchanted to burn those struck by it, causing extra
   injury to most foes and up to half again as much damage against particularly
   susceptible opponents.
   It affects your strength (-5).
   It affects your dexterity (+4).
   It insulates you from electricity.
   It lets you turn invisible.
 L - a +4 dire flail
 O - a +0 hand crossbow
Missiles
 j - 7 javelins
 k - 273 stones (quivered)
 m - 149 sling bullets
 A - 60 bolts
Armour
 o - a +0 cloak (worn)
 p - a +1 pair of gloves of archery (worn)
 F - a +0 plate armour
 M - the +2 chain mail "Havvoeph" (worn) {*Drain +Inv Int+4}
   (You found it on level 10 of the Dungeon)

   It affects your intelligence (+4).
   It lets you turn invisible.
   It causes draining when unequipped.
Wands
 H - a wand of acid (9)
Scrolls
 b - 9 scrolls of remove curse {unknown}
 d - 2 scrolls of enchant armour {unknown}
 f - 3 scrolls of identify
 r - 4 scrolls of enchant weapon {unknown}
 s - 2 scrolls of immolation {unknown}
 t - a scroll of magic mapping {unknown}
 u - a scroll of brand weapon {unknown}
 x - 2 scrolls of fog {unknown}
 z - a scroll of amnesia {unknown}
 D - a scroll of noise {unknown}
 N - a scroll of vulnerability {unknown}
 Q - a scroll of fear {unknown}
 R - a scroll of holy word {unknown}
Potions
 e - 5 potions of curing
 g - 3 potions of agility
 h - a potion of heal wounds
 i - a potion of invisibility
 l - 2 potions of lignification
 v - a potion of might
 w - a potion of cancellation
 C - 2 potions of berserk rage
 J - a potion of brilliance
 P - 2 potions of haste
Books
 S - a book of Cantrips

   Spells                             Type                      Level
   a - Confusing Touch                Hexes                        1
   b - Animate Skeleton               Necromancy                   1
   c - Summon Small Mammal            Summoning                    1
   d - Apportation                    Translocation                1
   Trog disapproves of the use of such an item.
Comestibles
 c - 17 rations


   Skills:
 * Level 10.3 Fighting
 * Level 13.2 Maces & Flails
 * Level 10.3 Armour
 + Level 3.1 Dodging
 + Level 1.4 Stealth


You had 10 spell levels left.
You didn't know any spells.

Dungeon Overview and Level Annotations

Branches:
Dungeon (11/15)            Temple (0/1) D:7            Lair (0/6) D:9
    Orc (0/2) D:9

Altars:
Cheibriados
Gozag
Kikubaaqudgha
Makhleb
Sif Muna
Uskayaw
Yredelemnul
Zin
The Shining One

Annotations:
D:11 Psyche


Innate Abilities, Weirdness & Mutations

You are resistant to torment.
Your stone body is resilient. (AC +8)
You are immune to poison.
You resist negative energy. (rN+)
You are resistant to electric shocks. (rElec)
You can survive without breathing.
You are immune to petrification.
You are immune to rotting.
[Armour fits poorly on your strangely shaped body.]
[Your body often deteriorates upon taking damage.]
[You are very weak. (Str -4)]
[Your spells are easier to cast, but less powerful.]


Message History

All of the chunks of flesh in your inventory have rotted away.
A large abomination comes into view.
You thrash the sun demon!!
The sun demon is severely wounded.
You are no longer berserk.
You are exhausted.
You feel as though you will be slow longer.
You feel much better. The sun demon barely misses you.
The large abomination moves out of view.
The sun demon hits you but does no damage.
A chorus of shrieks assaults your mind.
As you read the scroll of teleportation, it crumbles to dust.
You feel strangely unstable.
You feel the power of the Abyss delaying your translocation!
The sun demon hits you!
You are engulfed in flames!
* * * LOW HITPOINT WARNING * * *
The sun demon hits you!
* * * LOW HITPOINT WARNING * * *
You are engulfed in flames!
You die...

###
##.#
#.@#
##3.#
*#}#
XX ##


XX# xx# _[. $$$ You could see 4 starcursed masses, a wretched star, a sun demon
and 2 small abominations.

Vanquished Creatures
  Erolcha (D:10)
  3 two-headed ogres
  A death knight (D:11)
  An ancient zyme (Abyss:2)
  2 trolls
  4 hippogriffs
  A shadow (D:7)
  A yak (D:9)
  Eustachio (D:6)
  3 hogs (D:9)
  A wyvern (D:6)
  A human (D:9)
  A hungry ghost (D:9)
  A large abomination (Abyss:2)
  2 water moccasins (D:10)
  5 orc warriors
  A hornet zombie (D:5)
  An ice beast (D:10)
  A black bear (D:6)
  3 phantoms
  3 sky beasts
  An eye of draining (D:9)
  2 ogres
  A wolf (D:9)
  4 centaurs
  5 big kobolds
  4 bullfrogs
  A water moccasin zombie (D:5)
  8 killer bees
  4 jellies
  7 wights
  3 electric eels (D:9)
  3 vampire bats (D:9)
  4 howler monkeys
  3 crimson imps
  2 centaur zombies
  12 hounds
  2 bullfrog skeletons
  6 bullfrog zombies
  6 orc wizards
  A quasit (D:9)
  8 orc priests
  A centaur skeleton (D:10)
  Jessica (D:3)
  2 iguanas
  6 worker ants
  2 hound zombies
  2 hound skeletons
  A worker ant zombie (D:5)
  4 gnolls
  9 adders
  2 river rats (D:6)
  2 shadow imps
  An ooze (D:1)
  An adder zombie (D:5)
  4 adder skeletons
  3 worms
  5 dart slugs
  9 leopard geckos
  58 orcs
  2 ball pythons
  3 bat skeletons (D:9)
  3 bat zombies (D:9)
  6 giant cockroaches
  11 goblins
  5 hobgoblins
  23 jackals
  32 kobolds
  6 quokkas
  5 bats
  9 frilled lizards
  2 leopard gecko skeletons
  A leopard gecko zombie (D:5)
  A quokka skeleton (D:5)
  A quokka zombie (D:5)
  12 rats
360 creatures vanquished.

Vanquished Creatures (collateral kills)
  Grinder (D:6)
  Duvessa (D:7)
  An ogre (D:7)
  Dowan (D:7)
  A crimson imp (D:7)
  An adder zombie (D:7)
6 creatures vanquished.

Vanquished Creatures (others)
  A leopard gecko (D:9)
  A kobold (D:10)
2 creatures vanquished.

Grand Total: 368 creatures vanquished

Notes
Turn   | Place    | Note
-------+----------+-------------------------------------------
     0 | D:1      | robertstho the Gargoyle Berserker began the quest for the Orb.
     0 | D:1      | Reached XP level 1. HP: 14/14 MP: 1/1
   152 | D:1      | Reached XP level 2. HP: 13/19 MP: 2/2
   483 | D:1      | Reached XP level 3. HP: 24/24 MP: 3/3
   663 | D:1      | Reached ** piety under Trog
   923 | D:1      | Reached XP level 4. HP: 25/29 MP: 4/4
  1252 | D:2      | Found a deep blue altar of Sif Muna.
  1254 | D:2      | Found a snail-covered altar of Cheibriados.
  1266 | D:2      | Reached skill level 4 in Maces & Flails
  1385 | D:2      | Reached *** piety under Trog
  1440 | D:2      | Found a glowing silver altar of Zin.
  1778 | D:3      | Reached XP level 5. HP: 34/34 MP: 5/5
  2041 | D:3      | Noticed Jessica
  2048 | D:3      | Killed Jessica
  2332 | D:4      | Reached skill level 5 in Maces & Flails
  2344 | D:4      | Noticed a phantom
  2393 | D:4      | Killed a phantom
  2393 | D:4      | Reached skill level 5 in Fighting
  2393 | D:4      | Reached XP level 6. HP: 28/40 MP: 6/6
  2909 | D:4      | Found a basalt altar of Yredelemnul.
  3433 | D:4      | Reached XP level 7. HP: 32/44 MP: 7/7
  3816 | D:5      | Entered Level 5 of the Dungeon
  3836 | D:5      | Reached skill level 6 in Maces & Flails
  3970 | D:5      | Reached **** piety under Trog
  4190 | D:5      | Reached XP level 8. HP: 51/51 MP: 8/8
  4660 | D:5      | Reached skill level 7 in Maces & Flails
  4834 | D:5      | Found a glowing golden altar of the Shining One.
  4912 | D:5      | Reached skill level 5 in Armour
  5148 | D:5      | Reached skill level 8 in Maces & Flails
  5331 | D:6      | Noticed a wyvern
  5356 | D:6      | Killed a wyvern
  5696 | D:6      | Reached XP level 9. HP: 41/56 MP: 9/9
  5934 | D:6      | Reached ***** piety under Trog
  5956 | D:6      | Found a glowing drain.
  6121 | D:6      | Reached skill level 9 in Maces & Flails
  6251 | D:6      | Noticed Eustachio
  6281 | D:6      | Killed Eustachio
  6291 | D:6      | Noticed Grinder
  6307 | D:6      | Killed Grinder
  6518 | D:7      | Found a hide-covered altar of Uskayaw.
  6584 | D:7      | Noticed Dowan
  6589 | D:7      | Noticed Duvessa
  6598 | D:7      | Killed Duvessa
  6608 | D:7      | Killed Dowan
  6618 | D:7      | Got a crude mace
  6661 | D:7      | Found a staircase to the Ecumenical Temple.
  6685 | D:7      | Identified the +5 mace of Ilac {flame, +Inv rElec Str-5 Dex+4} (You found it on level 7 of the Dungeon)
  6737 | D:7      | Reached skill level 1 in Stealth
  6743 | D:7      | Reached skill level 10 in Maces & Flails
  6946 | D:7      | Reached XP level 10. HP: 58/64 MP: 10/10
  7301 | D:8      | Noticed a two-headed ogre
  7306 | D:8      | Killed a two-headed ogre
  7313 | D:8      | Reached skill level 11 in Maces & Flails
  7423 | D:8      | Found an opulent altar of Gozag.
  7480 | D:8      | Noticed a two-headed ogre
  7487 | D:8      | Killed a two-headed ogre
  8001 | D:9      | Reached XP level 11. HP: 57/71 MP: 11/11
  8142 | D:9      | Found an ancient bone altar of Kikubaaqudgha.
  8190 | D:9      | Found a burning altar of Makhleb.
  8234 | D:9      | Reached skill level 12 in Maces & Flails
  8354 | D:9      | Found a staircase to the Orcish Mines.
  8405 | D:9      | Found a staircase to the Lair.
  8438 | D:9      | Received a gift from Trog
  8858 | D:10     | Entered Level 10 of the Dungeon
  8898 | D:10     | Got a jacinth-encrusted chain mail
  8913 | D:10     | Reached ****** piety under Trog
  9067 | D:10     | Noticed Erolcha
  9076 | D:10     | Killed Erolcha
  9076 | D:10     | Reached skill level 10 in Armour
  9083 | D:10     | Noticed a two-headed ogre
  9118 | D:10     | Killed a two-headed ogre
  9311 | D:10     | Identified the +2 chain mail "Havvoeph" {*Drain +Inv Int+4} (You found it on level 10 of the Dungeon)
  9438 | D:10     | Reached skill level 10 in Fighting
  9646 | D:11     | Noticed a death knight
  9650 | D:11     | Noticed Psyche
  9657 | D:11     | Killed a death knight
  9657 | D:11     | Reached skill level 13 in Maces & Flails
  9689 | D:11     | Cast into level 2 of the Abyss (Psyche)
  9690 | Abyss:2  | Noticed a starcursed mass
  9690 | Abyss:2  | Found a corrupted altar of Lugonu.
  9690 | Abyss:2  | Noticed a sun demon
  9695 | Abyss:2  | Noticed a wretched star
  9697 | Abyss:2  | Noticed a starcursed mass
  9705 | Abyss:2  | Slain by a sun demon

Skill      XL: |  1  2  3  4  5  6  7  8  9 10 11 |
---------------+----------------------------------+-----
Fighting       | 4 5 6 7 9 10 | 10.3
Maces & Flails | 4 5 6 8 10 11 13 | 13.2
Armour         | 3 4 5 7 9 10 | 10.3
Dodging        | 2 3 |  3.1
Stealth        | 1 |  1.4

Action                   |  1- 3 |  4- 6 |  7- 9 | 10-12 || total
-------------------------+-------+-------+-------+-------++-------
Melee: Mace              |   111 |   296 |   515 |   255 ||  1177
       Demon whip        |       |       |       |   207 ||   207
Invok: Berserk           |     3 |     6 |    13 |     9 ||    31
       Trog's Hand       |     1 |       |     1 |       ||     2
       Brothers in Arms  |       |       |     2 |       ||     2
  Use: Potion            |     1 |     1 |       |     1 ||     3
       Scroll            |       |     6 |     1 |     6 ||    13
  Eat: Ration            |     1 |     1 |     3 |     2 ||     7
       Chunk             |       |    10 |    15 |    18 ||    43
Armor: Animal skin       |    12 |       |       |       ||    12
       Leather armour    |    43 |   129 |       |       ||   172
       Chain mail        |       |    48 |   343 |   218 ||   609
       Plate armour      |       |       |       |   144 ||   144
Dodge: Dodged            |   113 |   203 |   237 |   230 ||   783
